AoeStats
← [GG] Shevchenko 7

Four Lakes

509004460Analyzed
1v1 RM · 8d ago on Sep 25, 2026· 32m 18s· 2 players
Game mode
Random Map
Map size
Tiny (2 player)
Population
200
Speed
Normal
Resources
Standard
Victory
Conquest
Starting age
Dark Age
Ending age
Imperial Age
RankedLock teamsTeams togetherTeam positionsShared explorationLock speedFull tech treeHidden civsTurbo modeCheats
Victory
Defeat
🇨🇳 Japanese · China
1134
+15
🇧🇷 Portuguese · Brazil
1103
-15
[GG] Shevchenko 7
10:16 Feudal Age
9:20 Loom
15:08 Castle Age
24:34 Pikeman
29:38 Scale Mail Armor
29:49 Forging
33:09 Wheelbarrow
流浪崖边草
5:53 Loom
11:05 Feudal Age
11:50 Double-Bit Axe
12:17 Man-at-Arms
19:22 Castle Age
17:41 Bloodlines
18:55 Scale Barding Armor
23:07 Wheelbarrow
Connection lost

Rejoining the realm…

Still unreachable

The connection could not be restored.

Session expired

The server has moved on; the page needs a fresh start.